 Dungeon Crawl Stone Soup version 0.31.0-4-g52a2dc7128 (webtiles) character file.

Game seed: 14104471671834648414

562 dorian the Toxicologist (level 7, -1/41 (46) HPs)
             Began as a Formicid Alchemist on Jan 22, 2024.
             Was an Initiate of Cheibriados.
             Slain by Dowan
             ... wielding a +0 dagger
              (4 damage)
             ... on level 6 of the Dungeon.
             The game lasted 00:10:01 (4407 turns).

dorian the Toxicologist (Formicid Alchemist)        Turns: 4407, Time: 00:10:02

HP:   -1/41 (46)    AC:  6    Str: 13    XL:     7   Next: 57%
MP:   9/13          EV: 12    Int: 18    God:    Cheibriados [......]
Gold: 53            SH:  0    Dex: 15    Spells: 6/14 levels left

rFire   . . .        e - +7 lajatang of Order {silver, rMut}
rCold   . . .        (no shield)
rNeg    . . .        a - +1 robe
rPois   .            (helmet unavailable)
rElec   .            k - +0 cloak
rCorr   .            g - +0 pair of gloves
SInv    +            p - +0 pair of boots
Will    .....        m - amulet of magic regeneration
Stlth   ++           (no ring)
HPRegen 0.26/turn    (no ring)
MPRegen 0.53/turn

%: resist mutation
@: heavily drained, very slow
A: permanent stasis, dig shafts and tunnels, antennae 3, four strong arms
a: Dig, Shaft Self, Renounce Religion


You were on level 6 of the Dungeon.
You worshipped Cheibriados.
Cheibriados was noncommittal.
You visited 1 branch of the dungeon, and saw 6 of its levels.

You collected 193 gold pieces.
You spent 140 gold pieces at shops.

Inventory:

Hand Weapons
 e - the +7 lajatang of Order (weapon) {silver, rMut}
   (You acquired it on level 2 of the Dungeon)

   rMut:      It protects you from mutation.
 f - a +0 whip
 j - a +2 dagger of speed
Missiles
 c - 2 curare-tipped darts
Armour
 a - a +1 robe (worn)
 d - a +2 scale mail of poison resistance
 g - a +0 pair of gloves (worn)
 k - a +0 cloak (worn)
 p - a +0 pair of boots (worn)
Jewellery
 m - an amulet of magic regeneration (around neck)
Scrolls
 o - a scroll of fear
Potions
 b - 3 potions of magic
 h - 2 potions of berserk rage
 i - 2 potions of brilliance
 l - a potion of mutation
 n - a potion of resistance
 q - 2 potions of curing
 r - a potion of might {unknown}
 s - 2 potions of lignification
 w - 2 potions of heal wounds


   Skills:
 + Level 3.8 Armour
 - Level 1.7 Dodging
 - Level 2.4 Stealth
 + Level 4.3 Spellcasting
 - Level 0.8 Conjurations
 * Level 8.1 Alchemy


You had 6 spell levels left.
You knew the following spells:

 Your Spells              Type           Power      Damage    Failure   Level
a - Sting                 Conj/Alch      80%        1d8       2%          1
b - Mercury Vapours       Alch/Air       36%        N/A       4%          2
c - Sandblast             Erth           6%         2d5       14%         1
d - Olgreb's Toxic Radia  Alch           33%        N/A       4%          4

Your spell library contained the following spells:

 Spells                   Type           Power      Damage    Failure   Level
 Mephitic Cloud           Conj/Alch/Air  14%        N/A       12%         3
 Call Imp                 Summ           6%         N/A       22%         2
 Sublimation of Blood     Necr           3%         N/A       22%         2
 Leda's Liquefaction      Alch/Erth      9%         N/A       26%         4
 Petrify                  Alch/Erth      18%        N/A       26%         4
 Sticky Flame             Fire/Alch      18%        2d6       26%         4
 Frozen Ramparts          Ice            6%         1d1       41%         3
 Metabolic Englaciation   Hex/Ice        1%         N/A       99%         5
 Summon Hydra             Summ           1%         N/A       100%        7


Dungeon Overview and Level Annotations

Branches:
Dungeon (6/15) Zot: 40209  Temple (0/1) D:5

Altars:
Cheibriados
Gozag
Hepliaklqana
Kikubaaqudgha
Makhleb
Okawaru
Ru
Trog
Wu Jian
Zin

Shops:
D:5 !

Annotations:
D:6 Dowan


Innate Abilities, Weirdness & Mutations

You cannot be hasted, slowed, berserked, paralysed or teleported.
You can dig through walls and to a lower floor.
You have a pair of large antennae on your head. (SInv)
Your four strong arms can wield two-handed weapons with a shield.


Message History

Confirm with . or Enter, or press ? or * to list all spells.
Aiming: Sting (safe; 2% risk of failure)
Press: ? - help, Shift-Dir - straight line, f/p - Duvessa
Aim: Duvessa, wielding a +0 short sword and wearing a +0 ring mail (lightly wounded, very poisoned, 82% to hit)
The sting hits Duvessa.
Duvessa looks as sick as possible!
Duvessa is lightly wounded.
Casting: Sting (safe; 2% risk of failure)
Confirm with . or Enter, or press ? or * to list all spells.
Aiming: Sting (safe; 2% risk of failure)
Press: ? - help, Shift-Dir - straight line, f/p - Duvessa
Aim: Duvessa, wielding a +0 short sword and wearing a +0 ring mail (moderately wounded, extremely poisoned, 82% to hit)
The sting hits Duvessa but does no damage.
Duvessa looks as sick as possible!
Duvessa is moderately wounded.
Dowan, Brother of Duvessa comes into view.
He is wielding a +0 dagger.
Duvessa closely misses you.
You feel much better. Duvessa hits you with a +0 short sword.
Casting: Sting (safe; 2% risk of failure)
Confirm with . or Enter, or press ? or * to list all spells.
You begin to radiate toxic energy.
Dowan is poisoned.
Duvessa looks as sick as possible!
Duvessa hits you with a +0 short sword.
You hit Duvessa but do no damage.
Duvessa is severely wounded.
Duvessa looks as sick as possible!
Dowan looks even sicker.
Duvessa hits you with a +0 short sword!
You barely miss Duvessa.
Duvessa is almost dead.
Dowan looks even sicker.
Your toxic aura wanes.
You kill Duvessa!
Cheibriados appreciates the change of pace.
Dowan's eyes darken. "You have made a grave mistake."
Dowan seems to find hidden reserves of power!
Dowan points at you and mumbles some strange words.
The shard of ice hits you! Dowan casts a spell at you.
The stone arrow hits you!
* * * LOW HITPOINT WARNING * * *
Dowan hits you with a +0 dagger.
You die...

# #..# #####...... #...
###..#####.......#
#...##...............##
.#...#................#
..........##..##..##....
........)####....## #...
.......#.## ##..## .##
.......#..## #..# .#
......)@.).# #..#
......e#.#.......
..####.#.#........
..#...###..### ,...#..##
. ......## ##.#...# #.##
..


You could see Dowan (fast, very poisoned).

Vanquished Creatures
  Duvessa (D:6)
  A centaur (D:3)
  A scorpion (D:5)
  A howler monkey (D:6)
  2 hounds
  3 orc priests
  3 iguanas
  An orc wizard (D:6)
  4 adders
  A white imp (D:6)
  3 dart slugs
  3 ribbon worms
  9 orcs
  5 ball pythons
  6 bats
  4 endoplasms
  3 giant cockroaches
  6 goblins
  8 hobgoblins
  2 jackals (D:4)
  6 kobolds
  A quokka (D:3)
  7 rats
81 creatures vanquished.

Notes
Turn   | Place    | Note
-------+----------+-------------------------------------------
     0 | D:1      | dorian the Formicid Alchemist began the quest for the Orb.
     0 | D:1      | Reached XP level 1. HP: 13/13 MP: 3/3
   151 | D:1      | Reached XP level 2. HP: 19/19 MP: 5/5
   453 | D:1      | Reached skill level 1 in Armour
   609 | D:1      | Reached XP level 3. HP: 24/24 MP: 2/6
   648 | D:1      | Found a faded altar of an unknown god.
   656 | D:1      | Got Plato's Guidebook on the Crater
  1201 | D:2      | Identified a scroll of acquirement
  1201 | D:2      | Acquired the +7 lajatang of Order {silver, rMut}
  1201 | D:2      | Found the +7 lajatang of Order {silver, rMut}
  1392 | D:2      | Reached skill level 5 in Alchemy
  1772 | D:3      | Learned a level 2 spell: Mercury Vapours
  1774 | D:3      | Learned a level 1 spell: Sandblast
  1898 | D:3      | Reached XP level 4. HP: 28/30 MP: 6/8
  1957 | D:3      | Reached XP level 5. HP: 35/35 MP: 3/9
  2166 | D:3      | Found an iron altar of Okawaru.
  2216 | D:3      | Found a sacrificial altar of Ru.
  2220 | D:3      | Found a burning altar of Makhleb.
  2228 | D:3      | Noticed a centaur
  2241 | D:3      | Killed a centaur
  2242 | D:3      | Reached skill level 6 in Alchemy
  2242 | D:3      | Reached XP level 6. HP: 20/41 MP: 6/11
  2581 | D:3      | Found an ancient bone altar of Kikubaaqudgha.
  2582 | D:3      | Found a glowing silver altar of Zin.
  2583 | D:3      | Found a bloodstained altar of Trog.
  2592 | D:3      | Found a hazy altar of Hepliaklqana.
  2596 | D:3      | Found an ornate altar of the Wu Jian Council.
  2746 | D:4      | Learned a level 4 spell: Olgreb's Toxic Radiance
  3377 | D:4      | Reached skill level 7 in Alchemy
  3519 | D:5      | Entered Level 5 of the Dungeon
  3653 | D:5      | Found a snail-covered altar of Cheibriados.
  3659 | D:5      | Became a worshipper of Cheibriados the Contemplative
  3750 | D:5      | Reached XP level 7. HP: 45/46 MP: 10/12
  3835 | D:5      | Found a staircase to the Ecumenical Temple.
  3837 | D:5      | Found Aveyhimm's Distillery.
  3845 | D:5      | Bought a potion of heal wounds for 70 gold pieces
  3845 | D:5      | Bought a potion of heal wounds for 70 gold pieces
  4333 | D:6      | Reached skill level 8 in Alchemy
  4351 | D:6      | Found an opulent altar of Gozag.
  4397 | D:6      | Noticed Duvessa
  4403 | D:6      | Noticed Dowan
  4407 | D:6      | Killed Duvessa
  4407 | D:6      | Slain by Dowan

Illustrated notes

Levels and vault maps discovered:
D:1:      orjb1_lava_funnel, layout_basic, shapermc_ecumenical_altar_rom_forum,
          hangedman_decor_diamond_cutter, hangedman_feature_mirror,
          chequers_serial_rivers_micro_e, minmay_close_crescents
D:2:      layout_loops_ring, nicolae_kite_square_tiling_tiny,
          minmay_misc_feat_roman
D:3:      layout_basic, okawaru_ov_weapons_minmay,
          nicolae_overflow_hallway_of_the_gods
D:4:      layout_cave_pools, grunt_ministairs_10
D:5:      nicolae_cairo_tiling_large_dashed, layout_basic, cheibriados_altar_1,
          minmay_temple_entry_water_ring, serial_shops,
          nicolae_shop_advertising_works [nicolae_subvault_shop_adworks]
D:6:      layout_layer_cave, grunt_gozag_breadcrumbs,
          minmay_shop_enchanted_jewellery, palyth_stone_intersect, uniq_pikel,
          uniq_duvessa, uniq_jeremiah, uniq_crazy_yiuf_cottage

Skill      XL: |  1  2  3  4  5  6  7 |
---------------+----------------------+-----
Armour         | 1 2 3 |  3.8
Alchemy        | 5 6 7 8 |  8.1
Spellcasting   | 3 4 |  4.3
Dodging        | |  1.7
Stealth        | |  2.4
Conjurations   | |  0.8

Action                     |  1- 3 |  4- 6 |  7- 9 || total
---------------------------+-------+-------+-------++-------
  Melee: Whip              |    28 |       |       ||    28
         Unarmed           |     5 |       |       ||     5
         Dagger            |     4 |       |       ||     4
         Lajatang          |     5 |    53 |    18 ||    76
   Cast: Sting             |    50 |    58 |    15 ||   123
         Sandblast         |       |     2 |       ||     2
         Olgreb's Toxic Ra |       |       |     3 ||     3
    Use: Scroll            |     8 |     6 |       ||    14
         Potion            |       |     2 |     1 ||     3
   Stab: Sleeping          |     1 |       |     1 ||     2
 Armour: Scale mail        |    31 |       |       ||    31
         Robe              |    12 |    42 |    22 ||    76
  Dodge: Dodged            |    28 |    49 |     9 ||    86
